 Dungeon Crawl Stone Soup version 0.19.1 (webtiles) character file.

65 thrall606 the Stinger (level 3, -1/24 HPs)
             Began as a Demonspawn Venom Mage on Dec 26, 2016.
             Slain by an orc wizard
             ... wielding a +0 dagger
              (4 damage)
             ... on level 3 of the Dungeon.
             The game lasted 00:07:50 (1465 turns).

thrall606 the Stinger (Demonspawn Venom Mage)       Turns: 1465, Time: 00:07:51

Health: -1/24      AC:  2    Str:  8    XL:     3   Next: 92%
Magic:  4/6        EV: 12    Int: 17    God:
Gold:   171        SH:  0    Dex: 13    Spells: 2 memorised, 2 levels left

rFire  . . .     SeeInvis .     k - +2 short sword (drain)
rCold  . . .     Gourm    .     a - +0 robe
rNeg   . . .     Faith    .     (no shield)
rPois  .         Spirit   .     (no helmet)
rElec  .         Reflect  .     (no cloak)
rCorr  .         Harm     .     (no gloves)
MR     .....                    (no boots)
Stlth  ++........               (no amulet)
                                (no ring)
                                q - ring of wizardry

@: slowed, very slow
A: spiny 2
a: no special abilities


You were on level 3 of the Dungeon.
You were not hungry.

You visited 1 branch of the dungeon, and saw 3 of its levels.

You collected 171 gold pieces.

Inventory:

Hand Weapons
 d - a +0 dagger
 e - a +0 dagger of venom
 k - a +2 short sword of draining (weapon)
Armour
 a - a +0 robe (worn)
 g - a +0 robe
Jewellery
 q - a ring of wizardry (left hand)
Scrolls
 h - 2 scrolls of identify {unknown}
 o - a scroll of amnesia {unknown}
 r - a scroll of teleportation {unknown}
Potions
 j - a potion of magic {unknown}
 l - a potion of flight {unknown}
 m - 3 potions of curing {unknown}
 n - 2 potions of cure mutation {unknown}
 p - a potion of heal wounds {unknown}
Books
 b - a Young Poisoner's Handbook

   Spells                             Type                      Level
   a - Sting                          Conjuration/Poison           1
   b - Mephitic Cloud                 Conjuration/Poison/Air       3
   c - Olgreb's Toxic Radiance        Poison                       4
   d - Alistair's Intoxication        Transmutation/Poison         5
   e - Venom Bolt                     Conjuration/Poison           5
Comestibles
 c - 3 bread rations
 f - a chunk of flesh
 i - 4 fruits


   Skills:
 + Level 0.3 Short Blades
 + Level 2.1 Dodging
 + Level 1.8 Stealth
 + Level 0.1 Unarmed Combat
 + Level 2.2 Spellcasting
 + Level 0.8 Conjurations
 + Level 5.0 Poison Magic


You had 2 spell levels left.
You knew the following spells:

 Your Spells              Type           Power        Failure   Level  Hunger
a - Sting                 Conj/Pois      ##..         4%          1    #......
b - Mephitic Cloud        Conj/Pois/Air  #.......     12%         3    ###....


Dungeon Overview and Level Annotations

Branches:
Dungeon (3/15)

Altars:


Innate Abilities, Weirdness & Mutations

You are mostly covered in sharp spines.


Message History

You kill the rat!
The orc wizard hits you with a dagger. The orc wizard closely misses you.
The orc is struck by your spines. The orc closely misses you.
You closely miss the orc.
The orc is moderately wounded.
The orc wizard barely misses you. The orc is struck by your spines.
The orc hits you with a hand axe.
The orc wizard is struck by your spines.
The orc wizard hits you but does no damage.
The orc closely misses you.
The orc wizard hits you but does no damage.
The orc hits you with a hand axe!
Things that are here:
a falchion; a rat corpse You hit the orc wizard but do no damage.
The orc wizard is lightly wounded.
The orc hits you with a war axe!
* * * LOW HITPOINT WARNING * * *
The orc wizard hits you with a dagger.
You die...

#.# #.# #.#
#.########
#.<.......
#.######## #.#
######.########...
...........@o.$....
.######...oo...)...
#.#######.... #.#
... ..# . .### #. #


You could see an orc wizard and 2 orcs.

Vanquished Creatures
  An adder (D:2)
  An ooze (D:2)
  2 orcs (D:3)
  5 bats
  3 giant cockroaches
  5 goblins (D:1)
  9 hobgoblins
  6 kobolds
  2 quokkas (D:2)
  4 frilled lizards
  6 rats
44 creatures vanquished.

Notes
Turn   | Place    | Note
-------+----------+-------------------------------------------
     0 | D:1      | thrall606 the Demonspawn Venom Mage began the quest for the Orb.
     0 | D:1      | Reached XP level 1. HP: 13/13 MP: 3/3
   194 | D:1      | Gained mutation: You are partially covered in sharp spines. [demonic ancestry]
   194 | D:1      | Reached XP level 2. HP: 19/19 MP: 0/5
   815 | D:2      | Gained mutation: You are mostly covered in sharp spines. [demonic ancestry]
   815 | D:2      | Reached XP level 3. HP: 24/24 MP: 3/6
  1159 | D:2      | Learned a level 3 spell: Mephitic Cloud
  1172 | D:2      | Reached skill level 5 in Poison Magic
  1465 | D:3      | Slain by an orc wizard

Skill      XL: |  1  2  3 |
---------------+----------+-----
Dodging        | 2 |  2.1
Poison Magic   | 5 |  5.0
Short Blades   | |  0.3
Stealth        | |  1.8
Unarmed Combat | |  0.1
Spellcasting   | |  2.2
Conjurations   | |  0.8

Action                   || total
-------------------------++-------
Melee: Unarmed           ||    12
       Dagger            ||    13
       Short sword       ||    31
 Cast: Sting             ||    49
  Eat: Chunk             ||     2
Armor: Robe              ||    20
Dodge: Dodged            ||    39
